Avalanche vs Canadiens
Created - 20 décembre 2016 at 19:06
Goals
|
| Avalanche |
0 |
1 |
0 |
1 |
| Canadiens |
0 |
1 |
2 |
3 |
|
Shots
|
| Avalanche |
12 |
6 |
12 |
30 |
| Canadiens |
8 |
8 |
14 |
30 |
|
1st period
No Goal
Penalties :
Ladislav Smid (Mon) for Slashing (Double Minor) at 18:57
2nd period
1. Avalanche , Mikkel Boedker 11 (Alexander Radulov, Jay Bouwmeester) at 0:40 (PP)
2. Canadiens , Greg Stewart 9 (Wade Redden) at 9:40
Penalties :
Drew Miller (Mon) for Hooking (Minor) at 9:49
3rd period
3. Canadiens , Marek Svatos 17 (Marc Savard, Drew Miller) at 0:14
4. Canadiens , Rene Bourque 3 (Greg Stewart, Jiri Fischer) at 15:49
Penalties :
Mike Comrie (Col) for Roughing (Minor) at 1:59, Andrei Loktionov (Mon) for Hooking (Minor) at 13:14, Marek Svatos (Mon) for Cross-checking (Minor) at 17:38
Goalie Stats
Semyon Varlamov (Col), 27 saves from 30 shots - (0,900), L, 5-9-2, 60:00 minutes
Jonathan Bernier (Mon), 29 saves from 30 shots - (0,967), W, 10-9-3, 60:00 minutes
Players Stats for Avalanche
Player Name G A P +/- PIM S H SB GA TA FO MP PP MP PK MP
------------------------------------------------------------------------------------
Alexander Radulov 0 1 1 -1 0 2 2 2 0 0 1/4 19:11 4:25 0:54
Andrei Kostitsyn 0 0 0 -1 0 1 0 1 0 0 0/0 20:51 5:14 0:43
Andrew Ladd 0 0 0 -1 0 0 0 0 0 0 0/0 9:42 0:00 0:05
Brandon Yip 0 0 0 0 0 3 0 0 0 0 0/0 10:10 0:00 0:00
Bryan Little 0 0 0 -1 0 5 1 2 0 1 13/25 20:24 5:14 0:16
Chuck Kobasew 0 0 0 -1 0 2 1 0 1 1 0/1 10:35 0:00 1:11
Corey Perry 0 0 0 -1 0 1 1 0 0 1 0/2 20:08 5:14 0:00
David Krejci 0 0 0 -1 0 1 2 0 1 0 2/5 10:26 0:00 0:49
Jack Johnson 0 0 0 -2 0 1 3 5 0 0 0/0 19:31 0:00 1:14
Jay Bouwmeester 0 1 1 -1 0 4 0 3 0 1 0/0 21:07 5:24 0:00
Johnny Boychuk 0 0 0 0 0 1 1 0 1 1 0/0 19:39 5:24 0:00
Marc Staal 0 0 0 -2 0 2 2 3 0 0 0/0 23:39 4:15 1:14
Mike Comrie 0 0 0 0 2 0 0 0 0 0 2/4 10:00 0:00 0:00
Mikkel Boedker 1 0 1 -1 0 5 1 1 2 0 0/0 18:17 4:25 0:00
Paul Stastny 0 0 0 -1 0 2 0 0 1 0 6/12 18:17 4:25 0:00
Pernell Karl Subban 0 0 0 0 0 0 0 0 0 1 0/0 19:22 4:15 0:45
Ryan Smyth 0 0 0 0 0 0 2 0 0 0 0/0 9:59 0:00 0:00
Shane O'Brien 0 0 0 -1 0 0 1 1 0 0 0/0 16:42 0:00 0:45
Players Stats for Canadiens
Player Name G A P +/- PIM S H SB GA TA FO MP PP MP PK MP
------------------------------------------------------------------------------------
Andrei Loktionov 0 0 0 0 2 2 0 0 1 0 2/3 13:27 0:00 0:00
Brooks Laich 0 0 0 2 0 2 2 2 0 0 6/11 17:05 0:49 0:45
Dan Boyle 0 0 0 1 0 3 3 3 1 0 0/0 27:33 0:44 6:30
Dennis Wideman 0 0 0 1 0 2 1 1 0 2 0/0 24:12 0:44 6:30
Devin Setoguchi 0 0 0 0 0 2 1 0 0 1 1/1 14:06 0:00 0:00
Drew Miller 0 1 1 1 2 2 0 0 0 0 0/1 18:35 1:10 2:35
Dustin Boyd 0 0 0 0 0 0 1 0 0 0 2/3 5:46 0:00 0:00
Evgeny Dadonov 0 0 0 0 0 3 2 0 0 0 1/1 13:06 0:00 0:00
Greg Stewart 1 1 2 2 0 3 2 0 0 0 0/1 16:56 0:49 0:36
Jiri Fischer 0 1 1 2 0 1 1 3 0 2 0/0 20:31 1:15 3:09
Jonas Hoglund 0 0 0 0 0 0 0 0 0 0 1/1 9:10 0:00 2:03
Ladislav Smid 0 0 0 2 4 0 1 2 1 0 0/0 19:23 1:15 2:02
Marc Savard 0 1 1 1 0 2 1 1 1 0 14/27 23:54 1:10 6:01
Marek Svatos 1 0 1 1 2 2 1 2 1 0 2/4 20:02 1:10 4:55
Matt Carle 0 0 0 0 0 1 2 0 1 0 0/0 12:41 0:00 0:59
Rene Bourque 1 0 1 2 0 5 2 0 0 0 0/0 18:07 0:49 2:23
Torey Krug 0 0 0 0 0 0 1 1 0 1 0/0 4:01 0:00 0:08
Wade Redden 0 1 1 0 0 0 1 0 0 0 0/0 11:42 0:00 0:00
3 Stars
1 - Greg Stewart (Mon)
2 - Jonathan Bernier (Mon)
3 - Rene Bourque (Mon)
Power Play
Avalanche - 1 on 5 Attempt(s) - 20,00%
Canadiens - 0 on 1 Attempt(s) - 0,00%
Penalty Kill
Avalanche - 1 on 1 Attempt(s) - 100,00%
- Score 0 goal in Penalty Kill
Canadiens - 4 on 5 Attempt(s) - 80,00%
- Score 0 goal in Penalty Kill
Team Stat
Avalanche - Hits : 17 - Faceoff Wins : 24 - Blocked Shots : 18 - Penalty Minutes : 2
Canadiens - Hits : 22 - Faceoff Wins : 29 - Blocked Shots : 15 - Penalty Minutes : 10
Official
Referees : Dwyer Gord and Pochmara Brian
Linesman : Thor Nelson and Bryan Pancich
Game Notes
No Game Note
Finance
Level 1 -- Attendance: 5100 (85,00%) -- Ticket Income 438 600 $
Level 2 -- Attendance: 5000 (100,00%) -- Ticket Income 250 000 $
Level 3 -- Attendance: 1746 (87,30%) -- Ticket Income 54 126 $
Level 4 -- Attendance: 4000 (100,00%) -- Ticket Income 88 000 $
Luxury Box -- Attendance: 767 (76,70%) -- Ticket Income 126 555 $
Game was played at the Centre Bell.
Total Attendance: 16613 (92,29%)
Total Ticket Income: 957 281 $
Other Income: 143 592 $
Total Income: 1 100 873 $
Avalanche
5 vs 5 Forward
Center Left Wing Right Wing Time % Phy DF OF
1 Bryan Little Andrei Kostitsyn Corey Perry 35 1 2 2
2 Paul Stastny Mikkel Boedker Alexander Radulov 35 1 2 2
3 Mike Comrie Ryan Smyth Brandon Yip 15 1 2 2
4 David Krejci Andrew Ladd Chuck Kobasew 15 1 2 2
5 vs 5 Defense
Defense Defense Time % Phy DF OF
1 Marc Staal Jack Johnson 40 1 2 2
2 Shane O'Brien Jay Bouwmeester 30 1 2 2
3 Pernell Karl Subban Johnny Boychuk 30 1 2 2
4 Marc Staal Jack Johnson 0 1 2 2
PowerPlay Forward
Center Left Wing Right Wing Time % Phy DF OF
1 Bryan Little Andrei Kostitsyn Corey Perry 60 1 2 2
2 Paul Stastny Mikkel Boedker Alexander Radulov 40 1 2 2
PowerPlay Defense
Defense Defense Time % Phy DF OF
1 Jay Bouwmeester Johnny Boychuk 60 1 2 2
2 Marc Staal Pernell Karl Subban 40 1 2 2
Penalty Kill 4 Players Forward
Center Wing Time % Phy DF OF
1 Mike Comrie Chuck Kobasew 60 1 2 2
2 Brandon Yip Andrew Ladd 40 1 2 2
Penalty Kill 4 Players Defense
Defense Defense Time % Phy DF OF
1 Marc Staal Jack Johnson 60 1 2 2
2 Pernell Karl Subban Shane O'Brien 40 1 2 2
Penalty Kill - 3 Players Forward
Forward Time % Phy DF OF
1 Mike Comrie 60 1 2 2
2 Chuck Kobasew 40 1 2 2
Penalty Kill - 3 Players Defense
Defense Defense Time % Phy DF OF
1 Pernell Karl Subban Marc Staal 60 1 2 2
2 Shane O'Brien Jack Johnson 40 1 2 2
4 vs 4 Forward
Center Wing Time % Phy DF OF
1 Corey Perry Andrei Kostitsyn 60 1 2 2
2 Mikkel Boedker Bryan Little 40 1 2 2
4 vs 4 Defense
Defense Defense Time % Phy DF OF
1 Marc Staal Jack Johnson 60 1 2 2
2 Shane O'Brien Jay Bouwmeester 40 1 2 2
Last Minutes Offensive
Center Left Wing Right Wing Defense Defense
Bryan Little Andrei Kostitsyn Corey Perry Marc Staal Jack Johnson
Last Minutes Defensive
Center Left Wing Right Wing Defense Defense
Mike Comrie Mikkel Boedker Chuck Kobasew Marc Staal Jack Johnson
Goaltenders
Starting : Semyon Varlamov
Backup : Dan Ellis
Extra Forwards
Normal : Corey Perry, Paul Stastny, Alexander Radulov - PP : Corey Perry, Paul Stastny - PK : Alexander Radulov
Extra Defensemen
Normal : Pernell Karl Subban, Marc Staal, Shane O'Brien - PP : Pernell Karl Subban - PK : Jack Johnson, Shane O'Brien
Penalty Shots
Corey Perry, Andrei Kostitsyn, Mikkel Boedker, Bryan Little, Mike Comrie
Canadiens
5 vs 5 Forward
Center Left Wing Right Wing Time % Phy DF OF
1 Marc Savard Drew Miller Marek Svatos 40 1 2 2
2 Brooks Laich Greg Stewart Rene Bourque 30 1 2 2
3 Andrei Loktionov Evgeny Dadonov Devin Setoguchi 20 1 2 2
4 Dustin Boyd Marc Savard Jonas Hoglund 10 1 2 2
5 vs 5 Defense
Defense Defense Time % Phy DF OF
1 Dan Boyle Dennis Wideman 40 1 2 2
2 Ladislav Smid Jiri Fischer 30 1 2 2
3 Wade Redden Matt Carle 20 1 2 2
4 Torey Krug Dan Boyle 10 1 2 2
PowerPlay Forward
Center Left Wing Right Wing Time % Phy DF OF
1 Marc Savard Drew Miller Marek Svatos 60 1 2 2
2 Brooks Laich Greg Stewart Rene Bourque 40 1 2 2
PowerPlay Defense
Defense Defense Time % Phy DF OF
1 Dan Boyle Dennis Wideman 60 1 2 2
2 Ladislav Smid Jiri Fischer 40 1 2 2
Penalty Kill 4 Players Forward
Center Wing Time % Phy DF OF
1 Marc Savard Marek Svatos 60 1 2 2
2 Drew Miller Rene Bourque 40 1 2 2
Penalty Kill 4 Players Defense
Defense Defense Time % Phy DF OF
1 Dan Boyle Dennis Wideman 60 1 2 2
2 Ladislav Smid Jiri Fischer 40 1 2 2
Penalty Kill - 3 Players Forward
Forward Time % Phy DF OF
1 Marc Savard 60 1 2 2
2 Marek Svatos 40 1 2 2
Penalty Kill - 3 Players Defense
Defense Defense Time % Phy DF OF
1 Dan Boyle Dennis Wideman 60 1 2 2
2 Ladislav Smid Jiri Fischer 40 1 2 2
4 vs 4 Forward
Center Wing Time % Phy DF OF
1 Marc Savard Marek Svatos 60 1 2 2
2 Drew Miller Rene Bourque 40 1 2 2
4 vs 4 Defense
Defense Defense Time % Phy DF OF
1 Dan Boyle Dennis Wideman 60 1 2 2
2 Ladislav Smid Jiri Fischer 40 1 2 2
Last Minutes Offensive
Center Left Wing Right Wing Defense Defense
Marc Savard Drew Miller Marek Svatos Dan Boyle Dennis Wideman
Last Minutes Defensive
Center Left Wing Right Wing Defense Defense
Marc Savard Drew Miller Marek Svatos Dan Boyle Dennis Wideman
Goaltenders
Starting : Jonathan Bernier
Backup : Tobias Stephan
Extra Forwards
Normal : Devin Setoguchi, Andrei Loktionov, Jonas Hoglund - PP : Devin Setoguchi, Andrei Loktionov - PK : Jonas Hoglund
Extra Defensemen
Normal : Wade Redden, Matt Carle, Torey Krug - PP : Wade Redden - PK : Matt Carle, Torey Krug
Penalty Shots
Marc Savard, Marek Svatos, Drew Miller, Rene Bourque, Greg Stewart
% Time on Ice - Avalanche
Lines # - Real PCT - Wanted PCT - Time Play
Normal Forward
1 - 31% - 35% - 15:07
2 - 29% - 35% - 13:52
3 - 21% - 15% - 9:59
4 - 19% - 15% - 9:24
Normal Defense
1 - 37% - 40% - 18:03
2 - 34% - 30% - 16:34
3 - 28% - 30% - 13:45
4 - 0% - 0% - 0:00
PP Forward
1 - 54% - 60% - 5:14
2 - 46% - 40% - 4:25
PP Defense
1 - 56% - 60% - 5:24
2 - 44% - 40% - 4:15
PK Forward
1 - 100% - 60% - 1:59
2 - 0% - 40% - 0:00
PK Defense
1 - 62% - 60% - 1:14
2 - 38% - 40% - 0:45
PK3 Forward
1 - 0% - 60%
2 - 0% - 40%
PK3 Defense
1 - 0% - 60%
2 - 0% - 40%
44 Forward
1 - 0% - 60%
2 - 0% - 40%
44 Defense
1 - 0% - 60%
2 - 0% - 40%
Last Minute Offensive - 0:00
Last Minute Defensive - 0:00
Total
Forward - 60:00
Defense - 60:00
|
% Time on Ice - Canadiens
Lines # - Real PCT - Wanted PCT - Time Play
Normal Forward
1 - 29% - 40% - 13:58
2 - 33% - 30% - 15:49
3 - 27% - 20% - 13:06
4 - 11% - 10% - 5:29
Normal Defense
1 - 35% - 40% - 16:44
2 - 33% - 30% - 16:07
3 - 24% - 20% - 11:42
4 - 8% - 10% - 3:49
PP Forward
1 - 59% - 60% - 1:10
2 - 41% - 40% - 0:49
PP Defense
1 - 37% - 60% - 0:44
2 - 63% - 40% - 1:15
PK Forward
1 - 75% - 60% - 7:16
2 - 25% - 40% - 2:23
PK Defense
1 - 67% - 60% - 6:30
2 - 33% - 40% - 3:09
PK3 Forward
1 - 0% - 60%
2 - 0% - 40%
PK3 Defense
1 - 0% - 60%
2 - 0% - 40%
44 Forward
1 - 0% - 60%
2 - 0% - 40%
44 Defense
1 - 0% - 60%
2 - 0% - 40%
Last Minute Offensive - 0:00
Last Minute Defensive - 0:00
Total
Forward - 60:00
Defense - 60:00
|
Play by Play
1st period
0:01 of 1st period - Bryan Little wins face-off versus Marc Savard in neutral zone.
0:16 of 1st period - Marc Staal is hit by Dan Boyle and loses puck.
0:27 of 1st period - Rene Bourque is hit by Mikkel Boedker and loses puck.
0:50 of 1st period - Slapshot by Devin Setoguchi.
0:50 of 1st period - Stopped by Semyon Varlamov with a rebound.
1:47 of 1st period - Wrist shot by Drew Miller.
1:47 of 1st period - Shot Blocked by Alexander Radulov.
1:49 of 1st period - Snap shot by Marek Svatos.
1:49 of 1st period - Shot Blocked by Alexander Radulov.
1:51 of 1st period - Slapshot by Matt Carle.
1:51 of 1st period - Stopped by Semyon Varlamov with a rebound.
2:46 of 1st period - Pernell Karl Subban is hit by Wade Redden and loses puck.
3:09 of 1st period - Wrist shot by Dustin Boyd.
3:09 of 1st period - Shot Misses the Net.
4:27 of 1st period - Wrist shot by Chuck Kobasew.
4:27 of 1st period - Shot Blocked by Dennis Wideman.
4:29 of 1st period - Slapshot by Marc Staal.
4:29 of 1st period - Stopped by Jonathan Bernier with a rebound.
5:08 of 1st period - Wade Redden is hit by Shane O'Brien and loses puck.
5:48 of 1st period - Off-side.
5:49 of 1st period - Jonas Hoglund wins face-off versus David Krejci in neutral zone.
6:00 of 1st period - Slapshot by Chuck Kobasew.
6:00 of 1st period - Stopped by Jonathan Bernier without a rebound.
6:01 of 1st period - Bryan Little wins face-off versus Brooks Laich in Canadiens zone.
6:04 of 1st period - Wrist shot by Corey Perry.
6:04 of 1st period - Stopped by Jonathan Bernier without a rebound.
6:05 of 1st period - Bryan Little wins face-off versus Brooks Laich in Canadiens zone.
6:08 of 1st period - Snap shot by Bryan Little.
6:08 of 1st period - Stopped by Jonathan Bernier without a rebound.
6:09 of 1st period - Bryan Little wins face-off versus Brooks Laich in Canadiens zone.
6:16 of 1st period - Wrist shot by Bryan Little.
6:16 of 1st period - Shot Misses the Net.
6:40 of 1st period - Johnny Boychuk is hit by Greg Stewart and loses puck.
7:12 of 1st period - Snap shot by Rene Bourque.
7:12 of 1st period - Shot Misses the Net.
7:14 of 1st period - Wrist shot by Greg Stewart.
7:14 of 1st period - Shot Misses the Net.
7:16 of 1st period - Snap shot by Brooks Laich.
7:16 of 1st period - Stopped by Semyon Varlamov with a rebound.
7:50 of 1st period - Wrist shot by Brooks Laich.
7:50 of 1st period - Shot Misses the Net.
7:52 of 1st period - Slapshot by Jiri Fischer.
7:52 of 1st period - Shot Blocked by Bryan Little.
8:13 of 1st period - Bryan Little is hit by Ladislav Smid and loses puck.
8:18 of 1st period - Snap shot by Rene Bourque.
8:18 of 1st period - Stopped by Semyon Varlamov with a rebound.
8:20 of 1st period - Slapshot by Jiri Fischer.
8:20 of 1st period - Deflect By Pernell Karl Subban.
8:20 of 1st period - Stopped by Semyon Varlamov without a rebound.
8:21 of 1st period - Marc Savard wins face-off versus Paul Stastny in Avalanche zone.
8:48 of 1st period - Jack Johnson is hit by Dennis Wideman and loses puck.
9:17 of 1st period - Snap shot by Chuck Kobasew.
9:17 of 1st period - Shot Misses the Net.
9:27 of 1st period - Snap shot by Andrei Loktionov.
9:27 of 1st period - Shot Misses the Net.
9:29 of 1st period - Backhand shot by Evgeny Dadonov.
9:29 of 1st period - Stopped by Semyon Varlamov with a rebound.
9:52 of 1st period - Snap shot by Brandon Yip.
9:52 of 1st period - Stopped by Jonathan Bernier without a rebound.
9:53 of 1st period - Andrei Loktionov wins face-off versus Mike Comrie in Canadiens zone.
10:18 of 1st period - Andrew Ladd is hit by Marc Savard and loses puck.
10:23 of 1st period - Snap shot by Marek Svatos.
10:23 of 1st period - Shot Blocked by Jay Bouwmeester.
10:39 of 1st period - Shane O'Brien is hit by Torey Krug and loses puck.
13:00 of 1st period - Dennis Wideman is hit by Johnny Boychuk and loses puck.
13:24 of 1st period - Icing by Mikkel Boedker.
13:25 of 1st period - Dustin Boyd wins face-off versus Paul Stastny in Avalanche zone.
13:32 of 1st period - Slapshot by Rene Bourque.
13:32 of 1st period - Stopped by Semyon Varlamov with a rebound.
13:40 of 1st period - Snap shot by Paul Stastny.
13:40 of 1st period - Shot Blocked by Brooks Laich.
13:42 of 1st period - Wrist shot by Paul Stastny.
13:42 of 1st period - Stopped by Jonathan Bernier without a rebound.
13:43 of 1st period - Bryan Little wins face-off versus Marek Svatos in Canadiens zone.
13:46 of 1st period - Wrist shot by Bryan Little.
13:46 of 1st period - Stopped by Jonathan Bernier without a rebound.
13:47 of 1st period - Bryan Little wins face-off versus Marc Savard in Canadiens zone.
13:58 of 1st period - Snap shot by Bryan Little.
13:58 of 1st period - Shot Blocked by Marek Svatos.
14:00 of 1st period - Slapshot by Marc Staal.
14:00 of 1st period - Shot Blocked by Marc Savard.
14:02 of 1st period - Slapshot by Marc Staal.
14:02 of 1st period - Stopped by Jonathan Bernier with a rebound.
14:04 of 1st period - Slapshot by Jack Johnson.
14:04 of 1st period - Shot Misses the Net.
14:14 of 1st period - Wrist shot by Dan Boyle.
14:14 of 1st period - Stopped by Semyon Varlamov without a rebound.
14:15 of 1st period - Brooks Laich wins face-off versus David Krejci in Avalanche zone.
14:24 of 1st period - Slapshot by Jay Bouwmeester.
14:24 of 1st period - Stopped by Jonathan Bernier without a rebound.
14:25 of 1st period - Paul Stastny wins face-off versus Marc Savard in Canadiens zone.
14:56 of 1st period - Snap shot by Greg Stewart.
14:56 of 1st period - Shot Misses the Net.
15:18 of 1st period - Slapshot by Evgeny Dadonov.
15:18 of 1st period - Shot Blocked by Jack Johnson.
15:44 of 1st period - Slapshot by Jack Johnson.
15:44 of 1st period - Shot Blocked by Brooks Laich.
16:30 of 1st period - Corey Perry is hit by Rene Bourque and loses puck.
17:03 of 1st period - Snap shot by Mikkel Boedker.
17:03 of 1st period - Stopped by Jonathan Bernier without a rebound.
17:04 of 1st period - Alexander Radulov wins face-off versus Brooks Laich in Canadiens zone.
17:11 of 1st period - Wrist shot by Mikkel Boedker.
17:11 of 1st period - Stopped by Jonathan Bernier with a rebound.
17:13 of 1st period - Snap shot by Alexander Radulov.
17:13 of 1st period - Shot Hit the Post.
17:15 of 1st period - Snap shot by Paul Stastny.
17:15 of 1st period - Stopped by Jonathan Bernier without a rebound.
17:16 of 1st period - Paul Stastny wins face-off versus Drew Miller in Canadiens zone.
17:31 of 1st period - Snap shot by Marek Svatos.
17:31 of 1st period - Shot Blocked by Mikkel Boedker.
17:33 of 1st period - Snap shot by Drew Miller.
17:33 of 1st period - Deflect By Marek Svatos.
17:33 of 1st period - Shot Misses the Net.
17:33 of 1st period - Puck is out of play.
17:34 of 1st period - Brooks Laich wins face-off versus Bryan Little in Avalanche zone.
17:50 of 1st period - Snap shot by Brooks Laich.
17:50 of 1st period - Deflect By Greg Stewart.
17:50 of 1st period - Shot Blocked by Jack Johnson.
17:50 of 1st period - Puck is out of play.
17:51 of 1st period - Paul Stastny wins face-off versus Marc Savard in Avalanche zone.
18:57 of 1st period - Double Minor Penalty to Ladislav Smid for Slashing.
18:58 of 1st period - Marc Savard wins face-off versus Bryan Little in Canadiens zone.
19:07 of 1st period - Snap shot by Corey Perry.
19:07 of 1st period - Shot Misses the Net.
19:56 of 1st period - Icing by Pernell Karl Subban.
19:57 of 1st period - Marc Savard wins face-off versus Bryan Little in Avalanche zone.
Goals for this period are 0 for Avalanche vs 0 for Canadiens.
Shots for this period are 12 for Avalanche vs 8 for Canadiens.
2nd period
0:01 of 2nd period - Bryan Little wins face-off versus Marc Savard in neutral zone.
0:04 of 2nd period - Backhand shot by Jay Bouwmeester.
0:04 of 2nd period - Stopped by Jonathan Bernier without a rebound.
0:05 of 2nd period - Bryan Little wins face-off versus Marc Savard in Canadiens zone.
0:16 of 2nd period - Wrist shot by Marc Savard.
0:16 of 2nd period - Shot Misses the Net.
0:38 of 2nd period - Snap shot by Alexander Radulov.
0:38 of 2nd period - Shot Blocked by Jiri Fischer.
0:40 of 2nd period - Snap shot by Mikkel Boedker.
0:40 of 2nd period - Goal by Mikkel Boedker - Avalanche : 1 - Canadiens : 0.
0:41 of 2nd period - Bryan Little wins face-off versus Marc Savard in neutral zone.
0:48 of 2nd period - Snap shot by Bryan Little.
0:48 of 2nd period - Shot Misses the Net.
0:50 of 2nd period - Wrist shot by Corey Perry.
0:50 of 2nd period - Shot Misses the Net.
0:52 of 2nd period - Slapshot by Johnny Boychuk.
0:52 of 2nd period - Shot Blocked by Dan Boyle.
0:54 of 2nd period - Snap shot by Jay Bouwmeester.
0:54 of 2nd period - Stopped by Jonathan Bernier with a rebound.
0:56 of 2nd period - Slapshot by Jay Bouwmeester.
0:56 of 2nd period - Deflect By Bryan Little.
0:56 of 2nd period - Stopped by Jonathan Bernier without a rebound.
0:57 of 2nd period - Bryan Little wins face-off versus Marc Savard in Canadiens zone.
2:14 of 2nd period - Rene Bourque is hit by Marc Staal and loses puck.
2:40 of 2nd period - Penalty to Ladislav Smid is over, Ladislav Smid is back on ice.
2:51 of 2nd period - Wade Redden is hit by Marc Staal.
3:06 of 2nd period - Greg Stewart is hit by Ryan Smyth and loses puck.
3:37 of 2nd period - Brandon Yip is hit by Evgeny Dadonov and loses puck.
3:50 of 2nd period - Backhand shot by Dustin Boyd.
3:50 of 2nd period - Deflect By Bryan Little.
3:50 of 2nd period - Shot Blocked by Bryan Little.
3:50 of 2nd period - Puck is out of play.
3:51 of 2nd period - Dustin Boyd wins face-off versus Bryan Little in Avalanche zone.
4:42 of 2nd period - Snap shot by Evgeny Dadonov.
4:42 of 2nd period - Shot Blocked by Jack Johnson.
5:00 of 2nd period - Wrist shot by Marek Svatos.
5:00 of 2nd period - Stopped by Semyon Varlamov with a rebound.
6:12 of 2nd period - Wrist shot by Mike Comrie.
6:12 of 2nd period - Shot Misses the Net.
6:30 of 2nd period - Drew Miller is hit by Alexander Radulov and loses puck.
6:43 of 2nd period - Paul Stastny is hit by Dan Boyle and loses puck.
6:58 of 2nd period - Paul Stastny is hit by Devin Setoguchi.
7:01 of 2nd period - Off-side.
7:02 of 2nd period - Devin Setoguchi wins face-off versus Bryan Little in neutral zone.
7:05 of 2nd period - Backhand shot by Marek Svatos.
7:05 of 2nd period - Deflect By Devin Setoguchi.
7:05 of 2nd period - Shot Misses the Net.
7:05 of 2nd period - Puck is out of play.
7:06 of 2nd period - Marc Savard wins face-off versus Corey Perry in Avalanche zone.
7:21 of 2nd period - Snap shot by Bryan Little.
7:21 of 2nd period - Shot Misses the Net.
7:23 of 2nd period - Wrist shot by Bryan Little.
7:23 of 2nd period - Shot Misses the Net.
7:44 of 2nd period - Off-side.
7:45 of 2nd period - Andrei Loktionov wins face-off versus Bryan Little in neutral zone.
7:48 of 2nd period - Slapshot by Dan Boyle.
7:48 of 2nd period - Shot Blocked by Jay Bouwmeester.
8:34 of 2nd period - Snap shot by Marc Savard.
8:34 of 2nd period - Stopped by Semyon Varlamov with a rebound.
9:07 of 2nd period - Snap shot by Brandon Yip.
9:07 of 2nd period - Stopped by Jonathan Bernier without a rebound.
9:08 of 2nd period - Paul Stastny wins face-off versus Marek Svatos in Canadiens zone.
9:09 of 2nd period - Snap shot by Mikkel Boedker.
9:09 of 2nd period - Shot Blocked by Marek Svatos.
9:35 of 2nd period - Shane O'Brien is hit by Rene Bourque and loses puck.
9:40 of 2nd period - Wrist shot by Greg Stewart.
9:40 of 2nd period - Goal by Greg Stewart - Avalanche : 1 - Canadiens : 1.
9:41 of 2nd period - Paul Stastny wins face-off versus Marc Savard in neutral zone.
9:49 of 2nd period - Minor Penalty to Drew Miller for Hooking.
9:50 of 2nd period - Marc Savard wins face-off versus Bryan Little in Canadiens zone.
10:58 of 2nd period - Slapshot by Jiri Fischer.
10:58 of 2nd period - Shot Blocked by Andrei Kostitsyn.
11:00 of 2nd period - Backhand shot by Jonas Hoglund.
11:00 of 2nd period - Shot Misses the Net.
11:49 of 2nd period - Penalty to Drew Miller is over, Drew Miller is back on ice.
11:59 of 2nd period - Marc Staal is hit by Dan Boyle and loses puck.
12:44 of 2nd period - Devin Setoguchi is hit by David Krejci and loses puck.
13:18 of 2nd period - Wrist shot by Greg Stewart.
13:18 of 2nd period - Stopped by Semyon Varlamov with a rebound.
13:20 of 2nd period - Snap shot by Devin Setoguchi.
13:20 of 2nd period - Shot Blocked by Jay Bouwmeester.
13:22 of 2nd period - Slapshot by Matt Carle.
13:22 of 2nd period - Shot Misses the Net.
13:24 of 2nd period - Wrist shot by Devin Setoguchi.
13:24 of 2nd period - Deflect By Greg Stewart.
13:24 of 2nd period - Shot Blocked by Shane O'Brien.
13:24 of 2nd period - Puck is out of play.
13:25 of 2nd period - Marc Savard wins face-off versus Bryan Little in Avalanche zone.
15:06 of 2nd period - Slapshot by Johnny Boychuk.
15:06 of 2nd period - Deflect By Brandon Yip.
15:06 of 2nd period - Shot Misses the Net.
15:06 of 2nd period - Puck is out of play.
15:07 of 2nd period - Brooks Laich wins face-off versus Mike Comrie in Canadiens zone.
15:22 of 2nd period - Slapshot by Rene Bourque.
15:22 of 2nd period - Stopped by Semyon Varlamov without a rebound.
15:23 of 2nd period - Evgeny Dadonov wins face-off versus Paul Stastny in Avalanche zone.
15:32 of 2nd period - Snap shot by Evgeny Dadonov.
15:32 of 2nd period - Stopped by Semyon Varlamov with a rebound.
15:34 of 2nd period - Wrist shot by Andrei Loktionov.
15:34 of 2nd period - Stopped by Semyon Varlamov without a rebound.
15:35 of 2nd period - Marc Savard wins face-off versus Bryan Little in Avalanche zone.
16:30 of 2nd period - Ladislav Smid is hit by Jack Johnson and loses puck.
16:47 of 2nd period - Wrist shot by Corey Perry.
16:47 of 2nd period - Shot Blocked by Jiri Fischer.
16:49 of 2nd period - Wrist shot by Bryan Little.
16:49 of 2nd period - Stopped by Jonathan Bernier with a rebound.
16:51 of 2nd period - Slapshot by Andrei Kostitsyn.
16:51 of 2nd period - Shot Misses the Net.
16:53 of 2nd period - Slapshot by Pernell Karl Subban.
16:53 of 2nd period - Shot Misses the Net.
17:09 of 2nd period - Mike Comrie is hit by Marek Svatos and loses puck.
18:12 of 2nd period - Off-side.
18:13 of 2nd period - Brooks Laich wins face-off versus Corey Perry in neutral zone.
18:18 of 2nd period - Snap shot by Rene Bourque.
18:18 of 2nd period - Shot Misses the Net.
18:20 of 2nd period - Wrist shot by Brooks Laich.
18:20 of 2nd period - Stopped by Semyon Varlamov without a rebound.
18:21 of 2nd period - Bryan Little wins face-off versus Brooks Laich in Avalanche zone.
18:21 of 2nd period - Bryan Little is hit by Brooks Laich.
18:27 of 2nd period - Slapshot by Corey Perry.
18:27 of 2nd period - Deflect By Bryan Little.
18:27 of 2nd period - Shot Misses the Net.
18:27 of 2nd period - Puck is out of play.
18:28 of 2nd period - Marek Svatos wins face-off versus Alexander Radulov in Canadiens zone.
18:38 of 2nd period - Slapshot by Paul Stastny.
18:38 of 2nd period - Shot Blocked by Ladislav Smid.
19:13 of 2nd period - Chuck Kobasew is hit by Evgeny Dadonov and loses puck.
Goals for this period are 1 for Avalanche vs 1 for Canadiens.
Shots for this period are 6 for Avalanche vs 8 for Canadiens.
3rd period
0:01 of 3rd period - Marc Savard wins face-off versus Paul Stastny in neutral zone.
0:08 of 3rd period - Snap shot by Drew Miller.
0:08 of 3rd period - Shot Misses the Net.
0:10 of 3rd period - Wrist shot by Drew Miller.
0:10 of 3rd period - Stopped by Semyon Varlamov with a rebound.
0:12 of 3rd period - Snap shot by Marc Savard.
0:12 of 3rd period - Shot Blocked by Jack Johnson.
0:14 of 3rd period - Slapshot by Marek Svatos.
0:14 of 3rd period - Goal by Marek Svatos - Avalanche : 1 - Canadiens : 2.
0:15 of 3rd period - Marc Savard wins face-off versus Bryan Little in neutral zone.
0:18 of 3rd period - Backhand shot by Dan Boyle.
0:18 of 3rd period - Stopped by Semyon Varlamov with a rebound.
0:49 of 3rd period - Snap shot by Andrew Ladd.
0:49 of 3rd period - Deflect By David Krejci.
0:49 of 3rd period - Stopped by Jonathan Bernier with a rebound.
0:53 of 3rd period - Wrist shot by Chuck Kobasew.
0:53 of 3rd period - Stopped by Jonathan Bernier with a rebound.
1:05 of 3rd period - Slapshot by Drew Miller.
1:05 of 3rd period - Stopped by Semyon Varlamov with a rebound.
1:23 of 3rd period - Slapshot by Corey Perry.
1:23 of 3rd period - Shot Misses the Net.
1:59 of 3rd period - Minor Penalty to Mike Comrie for Roughing.
2:00 of 3rd period - Marc Savard wins face-off versus Alexander Radulov in Avalanche zone.
2:01 of 3rd period - Wrist shot by Drew Miller.
2:01 of 3rd period - Shot Blocked by Marc Staal.
2:12 of 3rd period - Icing by Marek Svatos.
2:13 of 3rd period - Marc Savard wins face-off versus Alexander Radulov in Canadiens zone.
2:38 of 3rd period - Slapshot by Jiri Fischer.
2:38 of 3rd period - Shot Misses the Net.
2:40 of 3rd period - Slapshot by Ladislav Smid.
2:40 of 3rd period - Shot Blocked by Jack Johnson.
3:59 of 3rd period - Penalty to Mike Comrie is over, Mike Comrie is back on ice.
4:50 of 3rd period - Snap shot by Bryan Little.
4:50 of 3rd period - Shot Misses the Net.
6:18 of 3rd period - Dennis Wideman is hit by Jack Johnson and loses puck.
6:31 of 3rd period - Dan Boyle is hit by Ryan Smyth and loses puck.
6:38 of 3rd period - Marc Staal is hit by Matt Carle and loses puck.
6:56 of 3rd period - Johnny Boychuk is hit by Matt Carle and loses puck.
7:11 of 3rd period - Marek Svatos is hit by David Krejci and loses puck.
7:36 of 3rd period - Brooks Laich is hit by Alexander Radulov and loses puck.
7:58 of 3rd period - Brandon Yip is hit by Greg Stewart.
7:59 of 3rd period - Icing by Brandon Yip.
8:00 of 3rd period - Mike Comrie wins face-off versus Andrei Loktionov in Avalanche zone.
8:42 of 3rd period - Andrei Loktionov is hit by Bryan Little and loses puck.
9:15 of 3rd period - Evgeny Dadonov is hit by Jack Johnson and loses puck.
9:30 of 3rd period - Slapshot by Andrei Loktionov.
9:30 of 3rd period - Shot Misses the Net.
9:48 of 3rd period - Snap shot by Andrei Loktionov.
9:48 of 3rd period - Stopped by Semyon Varlamov with a rebound.
9:50 of 3rd period - Snap shot by Evgeny Dadonov.
9:50 of 3rd period - Shot Misses the Net.
9:52 of 3rd period - Slapshot by Dennis Wideman.
9:52 of 3rd period - Shot Blocked by Marc Staal.
9:54 of 3rd period - Slapshot by Dennis Wideman.
9:54 of 3rd period - Stopped by Semyon Varlamov with a rebound.
9:56 of 3rd period - Backhand shot by Devin Setoguchi.
9:56 of 3rd period - Shot Misses the Net.
9:58 of 3rd period - Wrist shot by Devin Setoguchi.
9:58 of 3rd period - Shot Blocked by Marc Staal.
10:04 of 3rd period - Snap shot by Evgeny Dadonov.
10:04 of 3rd period - Stopped by Semyon Varlamov without a rebound.
10:05 of 3rd period - Paul Stastny wins face-off versus Marc Savard in Avalanche zone.
10:14 of 3rd period - Snap shot by Mikkel Boedker.
10:14 of 3rd period - Shot Blocked by Torey Krug.
10:22 of 3rd period - Snap shot by Marc Savard.
10:22 of 3rd period - Stopped by Semyon Varlamov without a rebound.
10:23 of 3rd period - Brooks Laich wins face-off versus Chuck Kobasew in Avalanche zone.
10:48 of 3rd period - Mikkel Boedker is hit by Jiri Fischer and loses puck.
11:51 of 3rd period - Paul Stastny is hit by Dustin Boyd and loses puck.
12:02 of 3rd period - Slapshot by Alexander Radulov.
12:02 of 3rd period - Stopped by Jonathan Bernier with a rebound.
12:17 of 3rd period - Icing by Mike Comrie.
12:18 of 3rd period - Mike Comrie wins face-off versus Dustin Boyd in Avalanche zone.
12:25 of 3rd period - Jiri Fischer is hit by Corey Perry and loses puck.
12:36 of 3rd period - Slapshot by Ladislav Smid.
12:36 of 3rd period - Deflect By Rene Bourque.
12:36 of 3rd period - Stopped by Semyon Varlamov with a rebound.
12:40 of 3rd period - Snap shot by Rene Bourque.
12:40 of 3rd period - Shot Misses the Net.
13:14 of 3rd period - Minor Penalty to Andrei Loktionov for Hooking.
13:15 of 3rd period - Bryan Little wins face-off versus Marc Savard in Canadiens zone.
13:42 of 3rd period - Snap shot by Mikkel Boedker.
13:42 of 3rd period - Stopped by Jonathan Bernier with a rebound.
13:44 of 3rd period - Wrist shot by Alexander Radulov.
13:44 of 3rd period - Stopped by Jonathan Bernier without a rebound.
13:45 of 3rd period - Marc Savard wins face-off versus Paul Stastny in Canadiens zone.
14:16 of 3rd period - Slapshot by Mikkel Boedker.
14:16 of 3rd period - Shot Misses the Net.
14:35 of 3rd period - Snap shot by Mikkel Boedker.
14:35 of 3rd period - Shot Blocked by Dan Boyle.
14:37 of 3rd period - Slapshot by Mikkel Boedker.
14:37 of 3rd period - Stopped by Jonathan Bernier without a rebound.
14:38 of 3rd period - Marek Svatos wins face-off versus Bryan Little in Canadiens zone.
15:14 of 3rd period - Penalty to Andrei Loktionov is over, Andrei Loktionov is back on ice.
15:24 of 3rd period - Slapshot by Andrei Kostitsyn.
15:24 of 3rd period - Stopped by Jonathan Bernier without a rebound.
15:25 of 3rd period - David Krejci wins face-off versus Greg Stewart in Canadiens zone.
15:26 of 3rd period - Snap shot by Andrew Ladd.
15:26 of 3rd period - Shot Blocked by Ladislav Smid.
15:28 of 3rd period - Slapshot by Jack Johnson.
15:28 of 3rd period - Shot Misses the Net.
15:30 of 3rd period - Slapshot by Marc Staal.
15:30 of 3rd period - Shot Blocked by Jiri Fischer.
15:32 of 3rd period - Snap shot by Jack Johnson.
15:32 of 3rd period - Stopped by Jonathan Bernier without a rebound.
15:33 of 3rd period - Brooks Laich wins face-off versus David Krejci in Canadiens zone.
15:33 of 3rd period - Brooks Laich is hit by Chuck Kobasew.
15:49 of 3rd period - Wrist shot by Rene Bourque.
15:49 of 3rd period - Goal by Rene Bourque - Avalanche : 1 - Canadiens : 3.
15:50 of 3rd period - Marc Savard wins face-off versus Bryan Little in neutral zone.
16:21 of 3rd period - Backhand shot by Dennis Wideman.
16:21 of 3rd period - Deflect By Jack Johnson.
16:21 of 3rd period - Stopped by Semyon Varlamov with a rebound.
16:23 of 3rd period - Snap shot by Rene Bourque.
16:23 of 3rd period - Shot Misses the Net.
16:25 of 3rd period - Slapshot by Dan Boyle.
16:25 of 3rd period - Stopped by Semyon Varlamov with a rebound.
16:27 of 3rd period - Snap shot by Greg Stewart.
16:27 of 3rd period - Stopped by Semyon Varlamov with a rebound.
16:29 of 3rd period - Wrist shot by Dan Boyle.
16:29 of 3rd period - Shot Misses the Net.
16:46 of 3rd period - Snap shot by Devin Setoguchi.
16:46 of 3rd period - Stopped by Semyon Varlamov with a rebound.
17:10 of 3rd period - Snap shot by Brandon Yip.
17:10 of 3rd period - Shot Misses the Net.
17:12 of 3rd period - Wrist shot by Brandon Yip.
17:12 of 3rd period - Stopped by Jonathan Bernier with a rebound.
17:14 of 3rd period - Snap shot by Ryan Smyth.
17:14 of 3rd period - Shot Misses the Net.
17:38 of 3rd period - Minor Penalty to Marek Svatos for Cross-checking.
17:39 of 3rd period - Bryan Little wins face-off versus Marc Savard in Canadiens zone.
17:41 of 3rd period - Snap shot by Bryan Little.
17:41 of 3rd period - Stopped by Jonathan Bernier with a rebound.
17:51 of 3rd period - Slapshot by Corey Perry.
17:51 of 3rd period - Shot Blocked by Dan Boyle.
18:07 of 3rd period - Icing by Paul Stastny.
18:08 of 3rd period - Marc Savard wins face-off versus Paul Stastny in Avalanche zone.
19:14 of 3rd period - Jay Bouwmeester is hit by Brooks Laich and loses puck.
19:38 of 3rd period - Penalty to Marek Svatos is over, Marek Svatos is back on ice.
19:54 of 3rd period - Slapshot by Johnny Boychuk.
19:54 of 3rd period - Stopped by Jonathan Bernier with a rebound.
19:56 of 3rd period - Slapshot by Jay Bouwmeester.
19:56 of 3rd period - Stopped by Jonathan Bernier without a rebound.
19:57 of 3rd period - David Krejci wins face-off versus Marc Savard in Canadiens zone.
Goals for this period are 0 for Avalanche vs 2 for Canadiens.
Shots for this period are 12 for Avalanche vs 14 for Canadiens.
Back to the Top